General information
- name: BNet
- type: Ladder team game (AT/RT)
- host: Battle.net
- saver: THIS_IS_JUSTICE
map: Battleground
- players: 8
- length: 16:00
- speed: Fast
- version: 1.26 W3XP
- replay type: Public
» download(107 KB)
Players
team 1 (loser)

»
brianpeepers (
blue | 56 APM | 901 actions | 16:00)
3 Shadow Hunter
2 Hex
1 Healing Wave
» actions
| Assign group hotkey | 13 | |
| Basic commands | 44 | |
| Build / train | 46 | |
| Enter build submenu | 16 | |
| Enter hero's abilities submenu | 3 | |
| Right click | 235 | |
| Select / deselect | 297 | |
| Select group hotkey | 202 | |
| Use ability | 45 | |
901 total
» units
| Peon | 10 | |
| Troll Headhunter/Berserker | 14 | |
| Troll Batrider | 8 | |
32 total
» upgrades
| Ranged Weapons | 3 | |
| Armor | 1 | |
| Liquid Fire | 1 | |
5 total
» buildings
| Orc Burrow | 9 | |
| Altar of Storms | 1 | |
| Voodoo Lounge | 1 | |
| Barracks | 1 | |
| War Mill | 1 | |
| Stronghold | 2 | |
| Beastiary | 2 | |
| Fortress | 1 | |
18 total
» build order
00:09 Orc Burrow
00:13 Altar of Storms
00:24 Voodoo Lounge
01:18 Barracks
01:51 War Mill
02:13 Orc Burrow
02:49 Orc Burrow
04:27 Orc Burrow
04:36 Orc Burrow
05:26 Stronghold
05:47 Orc Burrow
06:24 Orc Burrow
07:50 Beastiary
08:04 Beastiary
08:08 Orc Burrow
08:43 Orc Burrow
11:21 Fortress
» items
| Lesser Clarity Potion | 1 | |
| Scroll of Town Portal | 1 | |
2 total
THIS_IS_JUSTICE (
yellow | 58 APM | 930 actions | 16:00)
5 Naga Sea Witch
2 Frost Arrows
3 Forked Lightning
3 Tauren Chieftain
1 Shockwave
2 Endurance Aura
» actions
| Assign group hotkey | 34 | |
| Basic commands | 71 | |
| Build / train | 60 | |
| Enter build submenu | 20 | |
| Enter hero's abilities submenu | 9 | |
| Give item / drop item | 1 | |
| Right click | 262 | |
| Select / deselect | 268 | |
| Select group hotkey | 150 | |
| Use ability | 55 | |
930 total
» units
| Peasant | 10 | |
| Footman | 8 | |
| Grunt | 2 | |
| Peon | 2 | |
| Spell Breaker | 5 | |
| Mortar Team | 4 | |
31 total
» upgrades
| Lumber Harvesting | 1 | |
| Masonry | 2 | |
| Magic Sentry | 1 | |
| Gunpowder | 1 | |
| Flare | 1 | |
| Armor | 1 | |
7 total
» buildings
| Altar of Kings | 1 | |
| Barracks | 2 | |
| Altar of Storms | 1 | |
| Orc Burrow | 1 | |
| Farm | 5 | |
| Keep | 1 | |
| Scout Tower | 4 | |
| Lumber Mill | 1 | |
| Arcane Tower | 1 | |
| Arcane Sanctum | 1 | |
| Blacksmith | 1 | |
| Guard Tower | 5 | |
| Arcane Vault | 1 | |
| Workshop | 1 | |
26 total
» build order
00:11 Altar of Kings
00:14 Barracks
00:30 Altar of Storms
00:36 Barracks
00:38 Orc Burrow
00:51 Farm
01:06 Farm
02:56 Farm
05:17 Keep
05:19 Farm
05:22 Farm
05:24 Scout Tower
05:33 Lumber Mill
05:54 Arcane Tower
07:56 Arcane Sanctum
08:01 Blacksmith
08:10 Scout Tower
08:46 Guard Tower
08:52 Arcane Vault
08:56 Scout Tower
09:09 Scout Tower
09:31 Workshop
10:09 Guard Tower
10:11 Guard Tower
10:11 Guard Tower
» items
| Scroll of Town Portal | 1 | |
| Potion of Healing | 1 | |
| Scroll of Regeneration | 1 | |
| Lesser Clarity Potion | 2 | |
5 total
babysealpoacher (
pink | 43 APM | 681 actions | 16:00)
1 Blademaster
1 Wind Walk
» actions
| Build / train | 38 | |
| Enter build submenu | 34 | |
| Enter hero's abilities submenu | 1 | |
| Remove unit from queue | 1 | |
| Right click | 255 | |
| Select / deselect | 302 | |
| Use ability | 50 | |
681 total
» units
| Peon | 18 | |
| Grunt | 2 | |
| Troll Witch Doctor | 3 | |
| Demolisher | 2 | |
| Kodo Beast | 2 | |
27 total
» upgrades
| Spiked Barricades | 1 | |
| Witch Doctor Training | 2 | |
| War Drums Damage Increase | 1 | |
| Burning Oil | 1 | |
| Reinforced Defenses | 1 | |
6 total
» buildings
| Orc Burrow | 5 | |
| War Mill | 1 | |
| Altar of Storms | 2 | |
| Watch Tower | 12 | |
| Voodoo Lounge | 2 | |
| Stronghold | 1 | |
| Barracks | 3 | |
| Beastiary | 1 | |
| Spirit Lodge | 1 | |
| Fortress | 1 | |
29 total
» build order
00:07 Orc Burrow
00:11 War Mill
00:52 Altar of Storms
01:57 Watch Tower
02:26 Watch Tower
03:01 Watch Tower
03:31 Voodoo Lounge
03:38 Voodoo Lounge
03:49 Orc Burrow
04:05 Watch Tower
04:17 Stronghold
04:37 Watch Tower
06:01 Watch Tower
06:25 Watch Tower
06:29 Watch Tower
06:38 Barracks
07:33 Altar of Storms
09:01 Barracks
09:07 Watch Tower
09:12 Watch Tower
10:22 Barracks
10:27 Beastiary
10:51 Spirit Lodge
11:56 Orc Burrow
12:11 Orc Burrow
12:13 Fortress
14:10 Orc Burrow
15:18 Watch Tower
15:46 Watch Tower

»
POONTANK (
red | 0 APM | 0 actions | 00:17)
team 2 (winner)

»
holycheeseballs (
orange | 74 APM | 1177 actions | 16:00)
4 Demon Hunter
2 Immolation
2 Evasion
3 Dark Ranger
2 Black Arrow
1 Life Drain
» actions
| Assign group hotkey | 22 | |
| Basic commands | 1 | |
| Build / train | 60 | |
| Enter build submenu | 9 | |
| Enter hero's abilities submenu | 7 | |
| Give item / drop item | 2 | |
| Remove unit from queue | 1 | |
| Right click | 508 | |
| Select / deselect | 372 | |
| Select group hotkey | 170 | |
| Use ability | 25 | |
1177 total
» units
| Wisp | 11 | |
| Huntress | 10 | |
| Hippogryph | 5 | |
| Archer | 8 | |
34 total
» upgrades
| Strength of the Moon | 3 | |
| Moon Armor | 3 | |
| Sentinel | 1 | |
| Upgrade Moon Glaive | 1 | |
| Improved Bows | 1 | |
| Marksmanship | 1 | |
| Hippogryph Taming | 1 | |
| Well Spring | 1 | |
12 total
» buildings
| Altar of Elders | 1 | |
| Moon Well | 4 | |
| Hunter's Hall | 1 | |
| Ancient of War | 1 | |
| Tree of Ages | 1 | |
| Ancient of Wonders | 1 | |
| Tree of Eternity | 1 | |
| Ancient of Wind | 1 | |
11 total
» build order
00:06 Altar of Elders
00:18 Moon Well
00:49 Moon Well
01:44 Hunter's Hall
01:59 Ancient of War
02:27 Moon Well
02:48 Moon Well
04:17 Tree of Ages
04:21 Ancient of Wonders
07:40 Tree of Eternity
10:07 Ancient of Wind
» items
| Orb of Venom | 1 | |
| Scroll of Town Portal | 1 | |
2 total

»
SMBMasterLeague (
teal | 131 APM | 2104 actions | 16:00)
5 Death Knight
3 Death Coil
1 Unholy Aura
1 Death Pact
3 Lich
2 Frost Nova
1 Dark Ritual
» actions
| Assign group hotkey | 108 | |
| Basic commands | 265 | |
| Build / train | 51 | |
| ESC pressed | 4 | |
| Enter build submenu | 31 | |
| Enter hero's abilities submenu | 9 | |
| Right click | 734 | |
| Select / deselect | 428 | |
| Select group hotkey | 347 | |
| Use ability | 127 | |
2104 total
» units
| Acolyte | 9 | |
| Ghoul | 6 | |
| Crypt Fiend | 11 | |
| Obsidian Statue | 5 | |
31 total
» upgrades
» buildings
| Ziggurat | 10 | |
| Crypt | 1 | |
| Altar of Darkness | 1 | |
| Graveyard | 1 | |
| Tomb of Relics | 4 | |
| Halls of the Dead | 1 | |
| Spirit Tower | 2 | |
| Slaughterhouse | 3 | |
| Temple of the Damned | 2 | |
| Black Citadel | 1 | |
| Necropolis | 1 | |
| Sacrificial Pit | 1 | |
28 total
» build order
00:38 Ziggurat
00:47 Crypt
00:49 Altar of Darkness
00:58 Graveyard
01:34 Tomb of Relics
01:36 Tomb of Relics
01:41 Ziggurat
01:43 Tomb of Relics
02:54 Ziggurat
03:44 Ziggurat
04:32 Halls of the Dead
06:23 Ziggurat
06:51 Spirit Tower
06:51 Spirit Tower
07:31 Slaughterhouse
07:32 Temple of the Damned
07:34 Slaughterhouse
07:35 Temple of the Damned
07:36 Slaughterhouse
09:15 Black Citadel
10:44 Necropolis
13:47 Sacrificial Pit
15:42 Ziggurat
15:43 Ziggurat
15:44 Ziggurat
15:45 Ziggurat
15:46 Ziggurat
15:48 Tomb of Relics
» items

»
Light-Yagami (
green | 28 APM | 449 actions | 16:00)
3 Shadow Hunter
1 Serpent Ward
2 Healing Wave
» actions
| Assign group hotkey | 10 | |
| Basic commands | 39 | |
| Build / train | 42 | |
| ESC pressed | 2 | |
| Enter build submenu | 11 | |
| Enter hero's abilities submenu | 3 | |
| Right click | 152 | |
| Select / deselect | 136 | |
| Select group hotkey | 28 | |
| Use ability | 26 | |
449 total
» units
» upgrades
| Pillage | 1 | |
| Berserker Strength | 1 | |
| Melee Weapons | 2 | |
| Armor | 1 | |
5 total
» buildings
| Barracks | 3 | |
| Orc Burrow | 5 | |
| Altar of Storms | 1 | |
| Stronghold | 2 | |
| Fortress | 1 | |
| War Mill | 1 | |
13 total
» build order
00:04 Barracks
00:06 Barracks
00:09 Orc Burrow
00:40 Altar of Storms
02:04 Orc Burrow
02:48 Orc Burrow
04:06 Stronghold
04:06 Stronghold
06:00 Orc Burrow
06:36 Fortress
08:16 Barracks
08:48 War Mill
10:47 Orc Burrow
Dy611 (
purple | 23 APM | 364 actions | 16:00)
3 Mountain King
2 Storm Bolt
1 Bash
» actions
| Build / train | 42 | |
| Enter build submenu | 11 | |
| Enter hero's abilities submenu | 3 | |
| Remove unit from queue | 5 | |
| Right click | 189 | |
| Select / deselect | 95 | |
| Use ability | 19 | |
364 total
» units
» upgrades
| Gunpowder | 2 | |
| Armor | 2 | |
| Long Rifles | 1 | |
5 total
» buildings
| Blacksmith | 1 | |
| Farm | 8 | |
| Altar of Kings | 1 | |
| Barracks | 1 | |
| Keep | 1 | |
12 total
» build order
00:07 Blacksmith
00:10 Farm
00:13 Altar of Kings
00:56 Farm
02:52 Barracks
05:29 Farm
05:35 Farm
05:37 Farm
05:43 Farm
07:53 Keep
08:44 Farm
08:50 Farm
Chat log
(00:20 / All) SMBMasterLeague: Aw, come on.
(00:24 / All) THIS_IS_JUSTICE: cool
(00:26 / Allies) babysealpoacher: scout and find ghetto so I can tower him
(01:02 / Allies) THIS_IS_JUSTICE: really can't manage two base lol
(02:07 / All) SMBMasterLeague: purple how did you paint your farms a different color
(02:12 / All) THIS_IS_JUSTICE: LOL
(02:18 / All) SMBMasterLeague: wtf yes you did
(02:20 / All) SMBMasterLeague: look at your base
(02:21 / All) Dy611: i didnt!
(02:24 / All) SMBMasterLeague: why are you attacking your farm
(02:24 / All) SMBMasterLeague: wtf
(02:26 / All) SMBMasterLeague: what a noob
(02:27 / All) SMBMasterLeague: holy shit
(02:37 / All) Dy611: im not its yellows!
(02:42 / All) SMBMasterLeague: YOURE LYING OMFG
(02:43 / All) SMBMasterLeague: REPORTED
(02:44 / All) SMBMasterLeague: TO
(02:45 / All) SMBMasterLeague: BLIZZARD
(02:45 / All) SMBMasterLeague: FOR
(02:46 / All) SMBMasterLeague: LYING
(03:09 / All) Light-Yagami: like blizzard gives a crap?
(03:13 / All) THIS_IS_JUSTICE: LOL
(03:16 / All) SMBMasterLeague: THEY WILL
(03:22 / All) Dy611: why yellow!
(03:30 / Allies) THIS_IS_JUSTICE: just sou yuoknow
(03:33 / Allies) THIS_IS_JUSTICE: nobodies bene controlling red
(03:35 / Allies) THIS_IS_JUSTICE: so yeha
(03:38 / All) Dy611: its not my farm!
(03:46 / All) THIS_IS_JUSTICE: What the HOWD THAT GET THERE
(03:59 / All) Dy611: you made it idiot!
(04:08 / All) SMBMasterLeague: I don't believe a word coming out of your mouth.
(04:09 / All) THIS_IS_JUSTICE: AW
(04:12 / All) THIS_IS_JUSTICE: SO CLOSE
(04:23 / All) Dy611: your a idiot teal!
(04:29 / All) SMBMasterLeague: "your a idiot"
(04:43 / All) Light-Yagami: get a life teal
(04:47 / All) SMBMasterLeague: Make me.
(04:57 / All) Dy611: ILL REPORT TEAL FOR BEING A IDIOT!
(04:58 / All) THIS_IS_JUSTICE: He has an internet message board
(05:00 / All) THIS_IS_JUSTICE: WHAT DO YOU HAVE?
(05:08 / All) SMBMasterLeague: WHAT JUSTICE
(05:10 / All) SMBMasterLeague: CAN YOU BRING
(05:11 / All) SMBMasterLeague: TO THE INTERNET
(05:12 / All) SMBMasterLeague: YOUNG LAD
(05:42 / Allies) THIS_IS_JUSTICE: oh damn
(06:11 / All) SMBMasterLeague: Says the guy who kills his own Farms.
(06:21 / All) Dy611: i didnt you idiot!
(06:28 / All) Dy611: it was yellow!
(06:37 / All) THIS_IS_JUSTICE: Don't bring me into this!
(06:40 / All) SMBMasterLeague: I don't believe a word coming out of your mouth
(06:41 / All) SMBMasterLeague: !!!
(07:02 / All) THIS_IS_JUSTICE: I'm really bad at managing one base, let alone two
(07:10 / All) SMBMasterLeague: Yeah, play another one after this.
(07:11 / All) THIS_IS_JUSTICE: I basically completely forgot red was here for most of the game :P
(07:24 / All) THIS_IS_JUSTICE: IMBA IMBA COIL}
(09:25 / All) SMBMasterLeague: THE NERDS
(09:27 / All) SMBMasterLeague: JUSTIFY THE FIENDS
(10:53 / All) SMBMasterLeague: who killed my statue
(10:54 / All) SMBMasterLeague: fuck you
(11:07 / All) THIS_IS_JUSTICE: I SQL injected it
(11:13 / All) SMBMasterLeague: fucking hacktivists
(11:24 / All) THIS_IS_JUSTICE: damn right
(11:26 / All) THIS_IS_JUSTICE: I have Crystal Ball
(11:29 / All) THIS_IS_JUSTICE: It literally is maphack
(11:36 / All) SMBMasterLeague: the worst maphack ever
(11:49 / All) THIS_IS_JUSTICE: But it's sponsored by Blizzard™!
(12:26 / Allies) THIS_IS_JUSTICE: anyone
(12:27 / Allies) THIS_IS_JUSTICE: help
(12:28 / Allies) THIS_IS_JUSTICE: please
(12:38 / All) SMBMasterLeague: YEAH BLUE
(12:39 / All) SMBMasterLeague: BATS
(12:41 / All) SMBMasterLeague: AGAINST WHAT AIR
(12:41 / All) SMBMasterLeague: WTF
(12:59 / All) THIS_IS_JUSTICE: obviously they're good against heroes!
(13:03 / All) THIS_IS_JUSTICE: aw crap
(13:05 / All) THIS_IS_JUSTICE: Red's only unit died
(13:09 / All) SMBMasterLeague: lol
(13:13 / All) SMBMasterLeague: Yeah, let's do this again.
(13:15 / All) THIS_IS_JUSTICE: so did blue's
(13:16 / All) SMBMasterLeague: Great chat log, meh game.
(14:05 / All) SMBMasterLeague: ill save you green
(14:05 / All) THIS_IS_JUSTICE: HAH
(14:09 / All) SMBMasterLeague: whoops
(14:12 / All) SMBMasterLeague: my attacks dont heal
(14:14 / All) SMBMasterLeague: when i use them
(14:15 / All) SMBMasterLeague: on allies
(14:16 / All) SMBMasterLeague: wtf
(14:32 / All) brianpeepers: hahah purp
(14:35 / All) THIS_IS_JUSTICE: Well
(14:36 / All) Dy611: lol
(14:38 / All) Dy611: wht?
(14:44 / All) THIS_IS_JUSTICE: Given that I was the only player at my base defending this
(14:47 / All) THIS_IS_JUSTICE: I'd say I didn't do too badly
(14:49 / All) SMBMasterLeague: did any of you play final fantasy 6
(14:55 / All) SMBMasterLeague: you equip the healing staff
(14:57 / All) THIS_IS_JUSTICE: f
(14:58 / All) SMBMasterLeague: and attack your allies
(14:59 / All) SMBMasterLeague: and POW
(15:00 / All) SMBMasterLeague: healing
(15:05 / All) SMBMasterLeague: i tried doing that on your hero green
(15:08 / All) SMBMasterLeague: but it didnt work
(15:09 / All) THIS_IS_JUSTICE: obviously, since Pink got hurt bad earlier it was excusable I guess
(15:15 / All) THIS_IS_JUSTICE: But STILL
(15:18 / All) THIS_IS_JUSTICE: RAGAGAHGAGAGHAGAHGEGOAUIGHEAOEIG
(15:19 / All) SMBMasterLeague: Yeah, dropped ally.
(15:22 / All) SMBMasterLeague: I would have been okay with it.
(15:28 / All) THIS_IS_JUSTICE: but yeha
(15:29 / All) THIS_IS_JUSTICE: gg
(15:31 / All) SMBMasterLeague: gg
(15:33 / All) SMBMasterLeague: and purple
(15:37 / All) SMBMasterLeague: stop attacking your own farms
(15:47 / Allies) THIS_IS_JUSTICE: think you can win?
(15:50 / Allies) THIS_IS_JUSTICE: babykiller?
(15:55 / Allies) babysealpoacher: no
(15:57 / Allies) THIS_IS_JUSTICE: k